[Event "ICC tourney 1955 (60 10)"]
[Site "Internet Chess Club"]
[Date "2020.08.07"]
[Round "1"]
[White "OneEverest"]
[Black "joeandjoe56"]
[Result "1-0"]
[ICCResult "Black resigns"]
[WhiteElo "2040"]
[BlackElo "1811"]
[Opening "Giuoco Piano"]
[ECO "C54"]
[NIC "IG.02"]
[Time "12:22:43"]
[TimeControl "3600+10"]

1. e4 e5 2. Nf3 Nc6 3. Bc4 Bc5 4. c3 Nf6 5. d4 exd4 6. cxd4 Bb4+ 7. Bd2 Nxe4
8. Bxb4 Nxb4 9. Bxf7+ Kxf7 10. Qb3+ d5 11. Qxb4 Rf8 12. O-O Kg8 13. Nbd2 a5
14. Qb3 Nxd2 15. Nxd2 a4 16. Qc3 Ra6 17. Nf3 Rh6 18. Rac1 c6 19. Rfe1 Qf6
20. Qe3 Bg4 21. Ne5 Bc8 22. g3 Qf5 23. f3 Qh3 24. Qf2 Rhf6 25. Qg2 Qh5 26.
Rc3 Bh3 27. Qe2 Qg5 28. Qe3 Qh5 29. g4 Qh4 30. Qf2 Qg5 31. Qg3 Qd2 32. Rce3
Qxd4 33. Qxh3 Re8 34. Qg3 c5 35. Qf2 Rfe6 36. R3e2 Qxf2+ 37. Kxf2 b5 38. Nd3
{Black resigns}
1-0

[Event "ICC tourney 1955 (60 10)"]
[Site "Internet Chess Club"]
[Date "2020.08.07"]
[Round "1"]
[White "harkerchess"]
[Black "Eric1127"]
[Result "1-0"]
[ICCResult "Black resigns"]
[WhiteElo "1939"]
[BlackElo "1644"]
[Opening "English: Anglo-Grünfeld, Smyslov defense"]
[ECO "A16"]
[NIC "EO.53"]
[Time "12:21:58"]
[TimeControl "3600+10"]

1. c4 Nf6 2. Nc3 d5 3. cxd5 Nxd5 4. g3 g6 5. Bg2 Nxc3 6. bxc3 Bg7 7. Nf3 O-O
8. O-O c5 9. Qb3 Nc6 10. d3 Qc7 11. Be3 b6 12. Rac1 Bb7 13. Qb1 Rad8 14. d4
cxd4 15. cxd4 Qb8 16. Rfd1 Rd7 17. Bf4 Qa8 18. d5 Na5 19. d6 exd6 20. Bxd6
Rfd8 21. Bc7 Rxd1+ 22. Rxd1 Rc8 23. Bf4 Be4 24. Qb4 Qb7 25. Bh3 Re8 26. Rd7
Qc6 27. Ng5 Bd5 28. Rxa7 Bc3 29. Qa3 Rxe2 30. Bf1 Re1 31. Rc7 Qb5 32. Rc8+
{Black resigns}
1-0

[Event "ICC tourney 1955 (60 10)"]
[Site "Internet Chess Club"]
[Date "2020.08.07"]
[Round "1"]
[White "tclaneva"]
[Black "whyyoutrysohard"]
[Result "0-1"]
[ICCResult "White resigns"]
[WhiteElo "1824"]
[BlackElo "1619"]
[Opening "Sicilian: dragon, Yugoslav attack, Rauser variation"]
[ECO "B76"]
[NIC "SI.17"]
[Time "12:22:41"]
[TimeControl "3600+10"]

1. e4 c5 2. Nf3 d6 3. d4 cxd4 4. Nxd4 Nf6 5. Nc3 g6 6. Be3 Bg7 7. f3 O-O 8.
Qd2 Nc6 9. O-O-O d5 10. Nxc6 bxc6 11. Bh6 Qb6 12. Bxg7 Kxg7 13. e5 Nd7 14.
f4 Nc5 15. Be2 Rb8 16. b3 a5 17. g4 a4 18. Qd4 axb3 19. axb3 Nxb3+ 20. cxb3
Qxb3 21. Kd2 Rb4 22. Qd3 Ba6 23. Qxa6 Qb2+ 24. Ke3 Qxc3+ 25. Qd3 Qc5+ 26.
Kf3 d4 27. Rhf1 Qd5+ 28. Qe4 Qd7 29. Kg2 c5 30. f5 Rb3 31. e6 Qa4 32. exf7
Re3 33. Qd5 Rxe2+ 34. Kg1 Qa8 35. Qxa8 Rxa8 36. fxg6 hxg6 37. Ra1 Rf8 38.
Ra5 Rxf7 39. Rxf7+ Kxf7 40. Rxc5 e5 41. Kf1 Re3 42. Kf2 g5 43. Rc6 Re4 44.
h3 Rf4+ 45. Ke2 Rf6 46. Rc7+ Ke6 47. Rg7 Rh6 48. Rxg5 Rxh3 49. Rg8 Kd5 50.
g5 Ke4 51. g6 Rg3 52. g7 d3+ 53. Kd2 Rg2+ 54. Kc1 Ke3 55. Re8 Rg1+ 56. Kb2
Rxg7 57. Rxe5+ Kd2 58. Rd5 Rb7+ 59. Ka2 Kc2 60. Rc5+ Kd1 61. Rc8 d2 62. Rd8
Re7 63. Kb2 Ke2 64. Kc2 Rc7+ 65. Kb2 d1=Q {White resigns} 0-1

[Event "ICC tourney 1955 (60 10)"]
[Site "Internet Chess Club"]
[Date "2020.08.07"]
[Round "1"]
[White "albertyao"]
[Black "divy7"]
[Result "0-1"]
[ICCResult "White resigns"]
[WhiteElo "1899"]
[BlackElo "1719"]
[Opening "Caro-Kann: classical, 6.h4"]
[ECO "B18"]
[NIC "CK.11"]
[Time "12:21:57"]
[TimeControl "3600+10"]

1. e4 c6 2. d4 d5 3. Nd2 dxe4 4. Nxe4 Bf5 5. Ng3 Bg6 6. h4 h6 7. h5 Bh7 8.
Nf3 Nf6 9. Bd3 Bxd3 10. Qxd3 e6 11. Bf4 Bd6 12. Bxd6 Qxd6 13. O-O-O Nbd7 14.
Kb1 O-O-O 15. Rhe1 Nd5 16. Ne4 Qc7 17. g3 N7f6 18. Nxf6 Nxf6 19. Re5 Ng4 20.
Re2 Nf6 21. Re5 Ng4 22. Re2 Nf6 23. Rh1 Rd5 24. Re5 Ng4 25. Re2 Nf6 26. Ne5
c5 27. Qa3 cxd4 28. Qxa7 Rxe5 29. Qa8+ Kd7 30. Qa4+ Kc8 31. Qa8+ Kd7 32.
Qa4+ Kd6 33. Qxd4+ Rd5 34. Qb4+ Qc5 35. Qxb7 Qc7 36. Qb4+ Qc5 37. Qb7 Qb5
38. Qxb5 Rxb5 39. c4 Rxh5 40. Rxh5 Nxh5 41. b4 Nf6 42. Kb2 Rb8 43. Kc3 g5
44. a4 h5 45. a5 h4 46. gxh4 gxh4 47. f3 Rh8 48. a6 Kc6 49. b5+ Kc5 50. Re5+
Kb6 51. Kb4 Nd7 52. c5+ Ka7 53. Re1 h3 54. Rd1 Ne5 55. f4 h2 56. Rh1 Nd3+
57. Ka5 Nxc5 58. b6+ Kb8 59. f5 Nxa6 60. fxe6 fxe6 61. Kxa6 e5 62. Kb5 Kb7
63. Kc5 Rh5 64. Kb5 e4+ 65. Kc4 Kxb6 66. Kd4 Rh4 67. Ke3 Kc5 68. Kf2 Kd4 69.
Kg3 Rh7 70. Kf2 Kd3 71. Rd1+ Kc2 72. Rh1 Kd2 73. Kg2 e3 74. Ra1 h1=Q+ 75.
Rxh1 Rxh1 76. Kxh1 e2 {White resigns} 0-1

[Event "ICC tourney 1955 (60 10)"]
[Site "Internet Chess Club"]
[Date "2020.08.07"]
[Round "1"]
[White "atharvajaeel"]
[Black "LawrenceTu"]
[Result "1-0"]
[ICCResult "Black resigns"]
[WhiteElo "764"]
[BlackElo "1893"]
[Opening "QGD: semi-Slav, Noteboom variation"]
[ECO "D31"]
[NIC "SL.06"]
[Time "12:21:56"]
[TimeControl "3600+10"]

1. d4 d5 2. c4 e6 3. Nc3 c6 4. Nf3 dxc4 5. a4 Bb4 6. e3 b5 7. Bd2 Bxc3 8.
Bxc3 Bb7 9. d5 Nf6 10. dxc6 Qxd1+ 11. Kxd1 Bxc6 12. Nd4 bxa4 13. Nxc6 Nxc6
14. Bxc4 O-O 15. Rxa4 Ne4 16. Rf1 Nxc3+ 17. bxc3 Rab8 18. Kc2 a5 19. Rb1
Rfc8 20. Rxb8 Rxb8 21. Be2 g6 22. Bf3 Ne5 23. Rxa5 Nxf3 24. gxf3 Kg7 25. Ra7
Rb5 26. Ra4 Rh5 27. h4 Kf6 28. Kb3 Rc5 29. Rd4 h5 30. Kb4 Rc7 31. c4 g5 32.
Kb5 gxh4 33. Kb6 Rc8 34. c5 Kg5 35. Rd1 h3 36. c6 h2 37. Rh1 Kf6 38. Kb7 Rh8
39. c7 Ke7 40. c8=Q Rxc8 41. Kxc8 {Black resigns} 1-0

[Event "ICC tourney 1955 (60 10)"]
[Site "Internet Chess Club"]
[Date "2020.08.07"]
[Round "1"]
[White "sgangavarapu"]
[Black "lemonoosa"]
[Result "1-0"]
[ICCResult "Black resigns"]
[WhiteElo "1852"]
[BlackElo "1881"]
[Opening "QGD: exchange, positional line, 6.Qc2"]
[ECO "D36"]
[NIC "QO.16"]
[Time "12:22:24"]
[TimeControl "3600+10"]

1. d4 Nf6 2. c4 e6 3. Nc3 d5 4. cxd5 exd5 5. Bg5 c6 6. Qc2 Be7 7. e3 O-O 8.
Bd3 Nbd7 9. Nge2 h6 10. Bh4 Re8 11. O-O Ne4 12. Bxe7 Qxe7 13. Bxe4 dxe4 14.
Ng3 Nf6 15. Rfc1 Bd7 16. a3 a5 17. Na4 b5 18. Nc5 Rac8 19. a4 b4 20. Nb3 Qd8
21. Qc5 Ra8 22. Nd2 Re6 23. Nc4 Nd5 24. Ne5 Be8 25. Rc2 b3 26. Rcc1 f6 27.
Nc4 Nb4 28. Rc3 Bf7 29. Rxb3 Nd3 30. Qf5 g6 31. Qg4 Qd5 32. Rxd3 exd3 33.
Nb6 Qd8 34. Nxa8 Qxa8 35. h4 Qb8 36. h5 Qxb2 37. Rd1 g5 38. Rxd3 Re8 39. Nf5
Be6 40. Nxh6+ Kh8 41. Qe4 Qb1+ 42. Kh2 Qb8+ 43. g3 Qb2 44. Qf3 Rf8 45. Kg2
Bc4 46. Qd1 Bxd3 47. Qxd3 Qa2 48. Qg6 Qd5+ 49. Kh2 Qd7 50. Nf5 Qh7 51. e4
Qxg6 52. hxg6 Re8 53. f3 g4 54. Kg2 Rb8 55. fxg4 Rb4 56. g5 fxg5 57. e5 Rxa4
58. e6 Ra1 59. Kf2 Rb1 60. e7 Rb8 61. Nd6 Kg7 62. e8=Q Rxe8 63. Nxe8+ Kxg6
64. Nd6 a4 65. Nc4 Kf5 66. Kf3 Ke6 67. Ke4 g4 68. Kf4 Kd5 69. Nb6+ Kxd4 70.
Nxa4 Kc4 71. Kxg4 Kb5 72. Nb2 Kb4 73. Kf4 Kc3 74. Nd1+ Kd2 75. Ne3 c5 76. g4
{Black resigns}
1-0

[Event "ICC tourney 1955 (60 10)"]
[Site "Internet Chess Club"]
[Date "2020.08.07"]
[Round "1"]
[White "ganzy"]
[Black "rohu333"]
[Result "1-0"]
[ICCResult "Black resigns"]
[WhiteElo "2090"]
[BlackElo "1823"]
[Opening "Scandinavian: Pytel-Wade variation"]
[ECO "B01"]
[NIC "SD.02"]
[Time "12:22:27"]
[TimeControl "3600+10"]

1. e4 d5 2. exd5 Qxd5 3. Nc3 Qd6 4. d4 c6 5. Nge2 Nf6 6. Bf4 Qb4 7. Rb1 Bf5
8. a3 Qb6 9. Ng3 Bg6 10. b4 e6 11. Na4 Qd8 12. Rb3 Bd6 13. Bxd6 Qxd6 14. Be2
O-O 15. O-O Rd8 16. Nc5 Qc7 17. f4 Nd5 18. f5 exf5 19. Nxf5 b6 20. Ne4 Ne7
21. g4 Qd7 22. Nh6+ Kf8 23. Nxf7 Bxf7 24. Rbf3 Qxg4+ 25. Ng3 Qg6 26. Bd3 Qe6
27. Rxf7+ Qxf7 28. Rxf7+ Kxf7 29. Qh5+ Kf8 30. Qxh7 Nd7 31. Nh5 {Black
resigns} 1-0

[Event "ICC tourney 1955 (60 10)"]
[Site "Internet Chess Club"]
[Date "2020.08.07"]
[Round "1"]
[White "dswang"]
[Black "aadit1709"]
[Result "0-1"]
[ICCResult "White resigns"]
[WhiteElo "1759"]
[BlackElo "2036"]
[Opening "Sicilian: Najdorf, Opocensky variation"]
[ECO "B92"]
[NIC "SI.11"]
[Time "12:21:54"]
[TimeControl "3600+10"]

1. e4 c5 2. Nf3 d6 3. d4 cxd4 4. Nxd4 Nf6 5. Nc3 a6 6. Be2 e5 7. Nb3 Be7 8.
Be3 O-O 9. O-O b6 10. f3 Bb7 11. Bc4 b5 12. Bd5 Nc6 13. a3 Qc7 14. Kh1 Rac8
15. Rc1 Rfe8 16. Qe1 b4 17. Bxc6 Bxc6 18. axb4 Rb8 19. Ra1 d5 20. exd5 Nxd5
21. Nxd5 Bxd5 22. Nc5 Bxc5 23. Bxc5 e4 24. fxe4 Rxe4 25. Qd2 Rh4 26. Bg1 Rb5
27. b3 Bc6 28. c4 Rbh5 29. Rf4 Rxf4 30. Bf2 Rxf2 {White resigns} 0-1

[Event "ICC tourney 1955 (60 10)"]
[Site "Internet Chess Club"]
[Date "2020.08.07"]
[Round "1"]
[White "ocean112005"]
[Black "RogerZ"]
[Result "0-1"]
[ICCResult "White resigns"]
[WhiteElo "1639"]
[BlackElo "1944"]
[Opening "Queen's pawn: London system"]
[ECO "A45"]
[NIC "QP.07"]
[Time "12:22:47"]
[TimeControl "3600+10"]

1. d4 Nf6 2. Bf4 g6 3. e3 Bg7 4. Nf3 O-O 5. Bd3 d6 6. Nbd2 Nc6 7. c3 e5 8.
Bg5 h6 9. Bh4 g5 10. Bg3 Nh7 11. dxe5 dxe5 12. Bb5 Qe7 13. Bxc6 bxc6 14. h3
f5 15. O-O Bd7 16. Re1 e4 17. Nd4 c5 18. N4b3 Be6 19. Qc2 Rae8 20. Rad1 f4
21. exf4 gxf4 22. Bh2 Bf5 23. Na5 e3 24. Qb3+ Be6 25. Ndc4 exf2+ 26. Kxf2
Qh4+ 27. Kg1 f3 28. Re3 Rb8 29. Qc2 f2+ 30. Kf1 Bxc4+ 31. Nxc4 Qxc4+ 32.
Rdd3 Qxa2 33. Re2 Rbe8 34. Rxf2 Rxf2+ 35. Kxf2 Qe6 36. Qd2 Ng5 37. Kg1 c4
38. Rd7 Qb6+ 39. Kh1 Ne4 40. Qd5+ Kh8 41. Bxc7 Qe6 42. Qxe6 Rxe6 43. Kg1 Nc5
44. Rd8+ Kh7 45. Ra8 a6 46. Ba5 Nd3 47. Rb8 Re1+ {White resigns} 0-1

[Event "ICC tourney 1955 (60 10)"]
[Site "Internet Chess Club"]
[Date "2020.08.07"]
[Round "1"]
[White "Quinlandia"]
[Black "rabbitAAAA"]
[Result "1-0"]
[ICCResult "Black resigns"]
[WhiteElo "2034"]
[BlackElo "1756"]
[Opening "Queen's pawn, Mason variation, Steinitz counter-gambit"]
[ECO "D00"]
[NIC "QP.08"]
[Time "12:21:51"]
[TimeControl "3600+10"]

1. d4 d5 2. Bf4 c5 3. e3 Nc6 4. Nf3 Nf6 5. Nc3 a6 6. Be2 Bf5 7. O-O e6 8. a3
Bd6 9. Bxd6 Qxd6 10. Na4 Nd7 11. dxc5 Nxc5 12. c4 Rd8 13. Nxc5 Qxc5 14. b4
Qb6 15. c5 Qc7 16. Qb3 O-O 17. a4 d4 18. exd4 Nxd4 19. Nxd4 Rxd4 20. Rfd1
Rfd8 21. Rxd4 Rxd4 22. Rd1 Qd7 23. Rxd4 Qxd4 24. Qd1 Qxd1+ 25. Bxd1 Be4 26.
b5 Kf8 27. c6 Ke8 28. Bc2 Bd5 29. Bb3 Kd8 30. Bxd5 exd5 31. cxb7 Kc7 32.
bxa6 g5 33. Kf1 f5 34. Ke2 h5 35. Kd3 h4 36. f4 gxf4 37. h3 Kb8 38. Kd4 f3
39. gxf3 {Black resigns} 1-0

[Event "ICC tourney 1955 (60 10)"]
[Site "Internet Chess Club"]
[Date "2020.08.07"]
[Round "1"]
[White "slolla"]
[Black "runtilmorrow1"]
[Result "1-0"]
[ICCResult "Black checkmated"]
[WhiteElo "1942"]
[BlackElo "2031"]
[Opening "Benkö gambit half accepted"]
[ECO "A57"]
[NIC "BI.45"]
[Time "12:22:27"]
[TimeControl "3600+10"]

1. d4 Nf6 2. c4 c5 3. d5 b5 4. cxb5 a6 5. b6 Bb7 6. Nc3 e6 7. e4 d6 8. Nf3
Nbd7 9. dxe6 fxe6 10. Ng5 Qe7 11. Be2 O-O-O 12. Qa4 Nb8 13. O-O h6 14. Nf3
d5 15. exd5 exd5 16. Re1 Qd7 17. Qb3 Bd6 18. Bd2 Ne4 19. Rac1 g5 20. Be3 Nc6
21. Nxe4 dxe4 22. Nd2 Qe7 23. Qc2 Nb4 24. Qa4 Nd3 25. Bxd3 exd3 26. Bxc5
Qxe1+ 27. Rxe1 Bxc5 28. Qc4 Kb8 29. Qxc5 Rh7 30. h3 Rhd7 31. Re7 Rxe7 32.
Qxe7 Rd5 33. Qe8+ Bc8 34. Qc6 Bb7 35. Qxh6 Rd7 36. Qxg5 Bc6 37. h4 Kb7 38.
h5 Kxb6 39. h6 a5 40. Nc4+ Kb7 41. Qxa5 Rc7 42. Qxc7+ Kxc7 43. h7 Bd5 44.
h8=Q Bxc4 45. Qc3 Kb6 46. Qxc4 d2 47. Qd4+ Kb5 48. Qxd2 Ka4 49. Kf1 Kb5 50.
Qc3 Ka4 51. Ke2 Kb5 52. Kd3 Ka4 53. Qb3+ Ka5 54. Kc4 Ka6 55. Kc5 Ka7 56. Kc6
Ka6 57. Qb6# {Black checkmated} 1-0

[Event "ICC tourney 1955 (60 10)"]
[Site "Internet Chess Club"]
[Date "2020.08.07"]
[Round "1"]
[White "ChessPlayer2005"]
[Black "chesslead"]
[Result "0-1"]
[ICCResult "White resigns"]
[WhiteElo "1754"]
[BlackElo "1998"]
[Opening "Philidor: Improved Hanham variation"]
[ECO "B07"]
[NIC "PU.08"]
[Time "12:21:37"]
[TimeControl "3600+10"]

1. e4 d6 2. d4 Nf6 3. Nc3 Nbd7 4. Nf3 e5 5. dxe5 dxe5 6. Bc4 Be7 7. h3 c6 8.
Be3 O-O 9. O-O Qc7 10. a3 h6 11. Re1 Rd8 12. Qe2 Nf8 13. Rad1 Be6 14. Bxe6
Nxe6 15. Rd2 Rd7 16. Red1 Rad8 17. Rxd7 Rxd7 18. Rxd7 Nxd7 19. Qd2 Ndc5 20.
b4 Nd7 21. Ne2 Nf6 22. Ng3 b5 23. Qd3 Nd7 24. Nf5 Bf8 25. c4 bxc4 26. Qxc4
c5 27. bxc5 Bxc5 28. Bxc5 Ndxc5 29. Qd5 f6 30. N3h4 Kh7 31. Nf3 Nf4 32. Qc4
a5 33. Nd2 Qa7 34. Nb1 Ncd3 35. Ne3 Qb6 36. Qc2 Qd4 37. Qc4 Qb6 38. Qc2 Qd4
39. Qc4 Ne2+ 40. Kf1 Ng3+ 41. Kg1 Nxe4 42. Qxd4 exd4 43. f3 Nec5 44. Nc2 Ne6
45. Kf1 Ndf4 46. Kf2 Nd3+ 47. Ke2 Ndc5 48. Kd2 g5 49. g3 Kg6 {White resigns}
0-1

[Event "ICC tourney 1955 (60 10)"]
[Site "Internet Chess Club"]
[Date "2020.08.07"]
[Round "1"]
[White "chessKingR"]
[Black "andrewjiang2"]
[Result "0-1"]
[ICCResult "White resigns"]
[WhiteElo "1830"]
[BlackElo "2078"]
[Opening "QGD: Tartakower (Makagonov-Bondarevsky) system, 8.cd Nxd5"]
[ECO "D59"]
[NIC "QO.10"]
[Time "12:21:39"]
[TimeControl "3600+10"]

1. d4 d5 2. c4 e6 3. Nc3 Nf6 4. Bg5 Be7 5. Nf3 h6 6. Bh4 O-O 7. e3 b6 8.
cxd5 Nxd5 9. Nxd5 Bxh4 10. Nxh4 Qxd5 11. Nf3 Bb7 12. b3 c5 13. Bc4 Qf5 14.
Bd3 Qg4 15. O-O cxd4 16. exd4 Rd8 17. h3 Qf4 18. Rc1 Nc6 19. Rc4 b5 20. Rc5
Nxd4 21. Nxd4 Qxd4 22. Rc7 Qd5 23. f3 Qd4+ 24. Kh1 Ba6 25. Rc6 Bb7 26. Rc7
Rab8 27. Be2 Qe3 28. Rxb7 Rxd1 29. Rxb8+ Kh7 30. Bxd1 Qd3 31. Kg1 Qd4+ 32.
Kh1 Qd2 33. Rc8 Qxa2 34. Rc1 Kg6 35. Bc2+ Kf6 36. Rfd1 a5 37. Kg1 b4 38. Kh1
Qb2 39. Kg1 Kg5 40. Kh1 Kh4 41. Rf1 a4 42. bxa4 b3 43. Be4 f5 44. Bc6 f4 45.
Be4 Kg3 46. Rg1 Qd2 47. Rc7 g5 48. Rh7 b2 49. Rxh6 Kf2 50. Rxe6 Qc1
{White resigns}
0-1

[Event "ICC tourney 1955 (60 10)"]
[Site "Internet Chess Club"]
[Date "2020.08.07"]
[Round "1"]
[White "closedforce"]
[Black "JadenShaw"]
[Result "1-0"]
[ICCResult "Black resigns"]
[WhiteElo "1913"]
[BlackElo "1703"]
[Opening "King's Indian: orthodox, Aronin-Taimanov, 9.Ne1"]
[ECO "E98"]
[NIC "KI.03"]
[Time "12:21:40"]
[TimeControl "3600+10"]

1. d4 Nf6 2. c4 g6 3. Nc3 Bg7 4. e4 d6 5. Nf3 O-O 6. Be2 e5 7. O-O Nc6 8. d5
Ne7 9. Ne1 Nd7 10. Be3 f5 11. f3 f4 12. Bf2 g5 13. Rc1 a5 14. a3 Ng6 15. b4
Nf6 16. c5 h5 17. cxd6 cxd6 18. Nb5 Rf7 19. bxa5 Ne8 20. Bb6 Qf6 21. Na7 Bd7
22. Bb5 Bxb5 23. Nxb5 Bf8 24. Rf2 Rg7 25. Rfc2 Ne7 26. Nc7 Nxc7 27. Rxc7 g4
28. Kh1 h4 29. fxg4 h3 30. gxh3 Qh4 31. Qf3 Rh7 32. Qf1 Rf7 33. Nf3 Qh7 34.
R1c4 Qh6 35. Rxb7 Qg6 36. Rb4 Nxd5 37. Rxf7 Nxb4 38. Rxf8+ Rxf8 39. axb4
Qxe4 40. b5 Rc8 41. a6 d5 42. a7 d4 43. Ba5 d3 44. b6 Qc6 45. Qxd3 e4 46.
Qb3+ Kf8 47. b7 Qc1+ 48. Ne1 e3 49. bxc8=Q+ Qxc8 50. Qb8 {Black resigns} 1-0

[Event "ICC tourney 1955 (60 10)"]
[Site "Internet Chess Club"]
[Date "2020.08.07"]
[Round "1"]
[White "hilariouspanda"]
[Black "knvsback"]
[Result "1/2-1/2"]
[ICCResult "Game drawn by mutual agreement"]
[WhiteElo "2068"]
[BlackElo "1868"]
[Opening "Queen's pawn, Mason variation"]
[ECO "D00"]
[NIC "QP.08"]
[Time "12:22:27"]
[TimeControl "3600+10"]

1. d4 d5 2. Bf4 Nf6 3. e3 c5 4. c3 Nc6 5. Nd2 Bf5 6. Ngf3 e6 7. Qb3 Qb6 8.
dxc5 Bxc5 9. Be2 O-O 10. O-O Rfe8 11. Qxb6 Bxb6 12. Nh4 Bg4 13. Bxg4 Nxg4
14. h3 Nf6 15. Rfc1 e5 16. Bg5 Ne4 17. Nxe4 dxe4 18. Nf5 f6 19. Bh4 Rad8 20.
Rd1 Bc7 21. f3 exf3 22. gxf3 e4 23. f4 Kf7 24. Bf2 Rxd1+ 25. Rxd1 Kg6 26.
Nh4+ Kf7 27. Nf5 Kg6 28. Rd5 Rd8 29. Rxd8 Nxd8 30. Ne7+ Kf7 31. Nd5 Bd6 32.
c4 f5 33. b4 Ke6 34. a3 Nc6 35. Be1 b5 36. Nc3 bxc4 37. Kf2 a6 38. Ke2 Na7
39. a4 Bxb4 40. Nxe4 fxe4 41. Bxb4 Nc6 42. Bc3 g6 43. Kd2 Kd5 44. Bf6 Na5
45. Kc3 Nb3 46. Kc2 Nc5 47. a5 Kc6 48. Kc3 Kb5 49. Kd4 Nb3+ 50. Kxe4 Nxa5
51. Bc3 Nc6 52. Kd5 a5 53. e4 a4 54. e5 a3 55. e6 a2 56. Kd6 h6 57. h4 h5
58. Ba1 Kb6 {Game drawn by mutual agreement} 1/2-1/2

[Event "ICC tourney 1955 (60 10)"]
[Site "Internet Chess Club"]
[Date "2020.08.07"]
[Round "1"]
[White "fork321"]
[Black "Roger436"]
[Result "0-1"]
[ICCResult "White checkmated"]
[WhiteElo "1668"]
[BlackElo "1575"]
[Opening "King's Indian: Gligoric-Taimanov system"]
[ECO "E92"]
[NIC "KI.18"]
[Time "12:22:42"]
[TimeControl "3600+10"]

1. d4 Nf6 2. c4 g6 3. Nc3 Bg7 4. e4 d6 5. Nf3 O-O 6. Be2 e5 7. Be3 Nc6 8. d5
Ne7 9. Nd2 Nd7 10. b4 f5 11. f3 fxe4 12. Ndxe4 Nf5 13. Bf2 Bh6 14. Qd3 Nf6
15. c5 Nxe4 16. Nxe4 Nd4 17. cxd6 cxd6 18. O-O Bd7 19. Nxd6 Qc7 20. Bxd4
exd4 21. Ne4 Be3+ 22. Kh1 Rf5 23. d6 Qd8 24. Qb3+ Kg7 25. Bc4 Rh5 26. g4 Rh3
27. Rab1 Qh4 28. Rb2 Rf8 29. Be6 Bb5 30. Bc4 Bxc4 31. Qxc4 Rhxf3 32. Rbb1
Qxg4 33. Ng3 Rxg3 34. Qc7+ Kh6 35. Rfe1 Qf3# {White checkmated} 0-1

[Event "ICC tourney 1955 (60 10)"]
[Site "Internet Chess Club"]
[Date "2020.08.07"]
[Round "1"]
[White "blackmanrook"]
[Black "ickyquarter"]
[Result "0-1"]
[ICCResult "White resigns"]
[WhiteElo "1844"]
[BlackElo "2126"]
[Opening "Dunst (Sleipner, Heinrichsen) opening"]
[ECO "A00"]
[NIC "VO.15"]
[Time "12:21:51"]
[TimeControl "3600+10"]

1. Nc3 d5 2. e4 d4 3. Nce2 g6 4. f4 Bg7 5. Nf3 c5 6. Ng3 Nc6 7. Bc4 Nf6 8.
e5 Nd5 9. d3 b5 10. Bb3 Na5 11. Bxd5 Qxd5 12. O-O O-O 13. Qe1 Nc6 14. Ne4
Bf5 15. a4 Nb4 16. Qe2 Bxe4 17. dxe4 Qc4 18. Qxc4 bxc4 19. c3 Nc6 20. a5
Rfd8 21. Nd2 dxc3 22. bxc3 Rd3 23. Rf3 Rad8 24. Nxc4 Rxf3 25. gxf3 Rd3 26.
Bd2 Rxf3 27. Be3 g5 28. fxg5 Rh3 29. Kg2 Rh4 30. Kf3 Rxh2 31. Bxc5 Rh3+ 32.
Kf4 Rxc3 33. Ra4 Bxe5+ 34. Nxe5 Rxc5 35. Nxc6 Rxc6 36. Rd4 a6 37. Rd7 Rc5
38. Rxe7 Rxa5 39. Ra7 Ra1 40. Kf5 Kg7 41. e5 Ra5 42. Rb7 Rb5 43. Ra7 Ra5 44.
Rc7 Rd5 45. Ra7 a5 46. Ra6 Rb5 47. Ra7 Rc5 48. Ra6 Rb5 49. Ra7 Rb1 50. Rxa5
Rf1+ 51. Kg4 Rg1+ 52. Kf5 Rf1+ 53. Kg4 Rf2 54. Ra7 Rg2+ 55. Kf5 Rf2+ 56. Kg4
Kf8 57. Rb7 Rf1 58. Ra7 Ke8 59. Kh5 Re1 60. Ra5 Ke7 61. Kh6 Rh1+ 62. Kg7 Rh5
63. Rb5 Rxg5+ 64. Kxh7 Ke6 65. Kh6 Rxe5 66. Rb6+ Ke7 67. Rb7+ Kf6 68. Rb6+
Re6 69. Rb5 Re7 70. Ra5 Re8 71. Kh7 Re5 72. Ra7 Rg5 73. Kh6 Re5 74. Rb7 Ke6
75. Rb6+ Ke7 76. Rb7+ Kf6 77. Ra7 Re6 78. Ra5 Re8 79. Kh7 Re5 80. Ra6+ Kg5
81. Kg7 f5 82. Rg6+ Kf4 83. Kf6 Ra5 84. Rg8 Ra6+ 85. Kf7 Kf3 86. Rb8 f4 87.
Rb3+ Kg2 88. Rb2+ Kg3 89. Rb3+ f3 90. Ke7 Kg2 91. Rb8 Rg6 92. Kf7 Rg3 93.
Kf6 f2 94. Rb2 Kg1 {White resigns} 0-1

[Event "ICC tourney 1955 (60 10)"]
[Site "Internet Chess Club"]
[Date "2020.08.07"]
[Round "1"]
[White "SuperPuzzler"]
[Black "skywise"]
[Result "1-0"]
[ICCResult "Black resigns"]
[WhiteElo "1975"]
[BlackElo "1719"]
[Opening "Ruy Lopez: Anderssen variation"]
[ECO "C77"]
[NIC "RL.12"]
[Time "12:22:47"]
[TimeControl "3600+10"]

1. e4 e5 2. Nf3 Nc6 3. Bb5 a6 4. Ba4 Nf6 5. d3 b5 6. Bb3 Bc5 7. O-O h6 8. c3
d6 9. Nbd2 O-O 10. Re1 Ng4 11. Re2 Be6 12. Nf1 Ne7 13. h3 Nf6 14. d4 exd4
15. cxd4 Bb6 16. Ng3 d5 17. e5 Nd7 18. Bc2 c5 19. Be3 cxd4 20. Nxd4 Nc5 21.
b4 Ne4 22. Nxe4 dxe4 23. Nxe6 fxe6 24. Bxe4 Bxe3 25. Bxa8 Qxa8 26. Rxe3 Nd5
27. Rg3 Qa7 28. Rf3 Rxf3 29. Qxf3 Qd4 30. Rc1 Qxe5 31. Rc8+ Kh7 32. Qd3+ g6
33. Qf3 Qf5 34. Qxf5 gxf5 35. a3 Kg6 36. Rc6 Kf6 37. Rxa6 Ke5 38. Rc6
{Black resigns}
1-0

[Event "ICC tourney 1955 (60 10)"]
[Site "Internet Chess Club"]
[Date "2020.08.07"]
[Round "1"]
[White "kralj8"]
[Black "mmchan"]
[Result "1/2-1/2"]
[ICCResult "Game drawn by mutual agreement"]
[WhiteElo "1807"]
[BlackElo "1962"]
[Opening "Ruy Lopez: Morphy defense"]
[ECO "C77"]
[NIC "RL.12"]
[Time "12:22:20"]
[TimeControl "3600+10"]

1. e4 e5 2. Nf3 Nc6 3. Bb5 a6 4. Ba4 Nf6 5. d4 b5 6. Bb3 exd4 7. O-O Be7 8.
e5 Ne4 9. Re1 Nc5 10. Nxd4 Nxb3 11. axb3 Bb7 12. Nc3 O-O 13. Bf4 Re8 14. Nf5
Bf8 15. Qg4 Kh8 16. Ne4 Nxe5 17. Bxe5 Rxe5 18. Ng5 Rxe1+ 19. Rxe1 Qf6 20.
Re3 h6 21. Nf3 Bc5 22. Re1 Kh7 23. h4 g6 24. N5d4 Bxd4 25. Nxd4 Rd8 26. c3
c5 27. Nc2 d5 28. Rd1 Qe6 29. Qxe6 fxe6 30. b4 cxb4 31. Nxb4 Rd6 32. Nd3 Kg7
33. Nc5 Bc8 34. f4 a5 35. Nb3 a4 36. Nd4 Rb6 37. Nc2 Bd7 38. Kf2
{Game drawn by mutual agreement}
1/2-1/2

[Event "ICC tourney 1955 (60 10)"]
[Site "Internet Chess Club"]
[Date "2020.08.07"]
[Round "1"]
[White "cprovince"]
[Black "Javierof"]
[Result "1/2-1/2"]
[ICCResult "Game drawn by mutual agreement"]
[WhiteElo "1896"]
[BlackElo "2069"]
[Opening "King's Indian: fianchetto, classical variation"]
[ECO "E67"]
[NIC "KI.65"]
[Time "12:22:47"]
[TimeControl "3600+10"]

1. d4 Nf6 2. c4 g6 3. g3 Bg7 4. Bg2 O-O 5. Nf3 d6 6. O-O Nbd7 7. Nc3 e5 8.
dxe5 dxe5 9. Nd5 c6 10. Nxf6+ Qxf6 11. Bg5 Qe6 12. Qc2 h6 13. Bc1 e4 14. Nd2
e3 15. Nf3 exf2+ 16. Rxf2 Nc5 17. Bd2 Ne4 18. Rff1 Qe7 19. Nh4 Qc5+ 20. e3
Nxd2 21. Qxd2 Re8 22. Rad1 Bg4 23. Rde1 g5 24. Nf3 Qxc4 25. b3 Qc5 26. Nd4
Rad8 27. Qf2 Re7 28. Nf5 Bxf5 29. Qxf5 Qxf5 30. Rxf5 Rd2 31. Rf2 Rd3 32. Rf3
Kh7 33. Rxf7 Rxf7 34. Be4+ Kh8 35. Bxd3 Rd7 36. Bc4 b5 37. Be6 Rd6 38. Bg4
a5 39. Rd1 Be5 40. Rxd6 Bxd6 41. Bd7 Bc5 42. Kf2 Kg7 43. Bxc6 b4 44. Kf3 Kf6
45. Ke4 h5 {Game drawn by mutual agreement} 1/2-1/2

[Event "ICC tourney 1955 (60 10)"]
[Site "Internet Chess Club"]
[Date "2020.08.07"]
[Round "1"]
[White "Tombstone"]
[Black "ImmorTalChamp"]
[Result "1-0"]
[ICCResult "Black forfeits on time"]
[WhiteElo "2025"]
[BlackElo "1753"]
[Opening "Catalan: open, 5.Nf3"]
[ECO "E04"]
[NIC "CA.03"]
[Time "12:22:00"]
[TimeControl "3600+10"]

1. d4 Nf6 2. c4 e6 3. g3 d5 4. Bg2 dxc4 5. Nf3 Bb4+ 6. Bd2 Be7 7. Qa4+ c6 8.
Qxc4 O-O 9. O-O Nbd7 10. Qc2 a5 11. Nc3 b5 12. Ng5 Qb6 13. Be3 Bb7 14. d5
Bc5 15. dxc6 Bxc6 16. Bxc6 Qxc6 17. Nce4 Rac8 18. Rac1 Nxe4 19. Nxe4 Rc7 20.
Nxc5 Rfc8 21. Rfd1 Qa8 22. Qd2 Ne5 23. b3 Ng4 24. Nd3 Qd5 25. Rxc7 Rxc7 26.
Nf4 Qxd2 27. Rxd2 h6 28. Bb6 Rc1+ 29. Kg2 a4 30. bxa4 bxa4 31. Rd4 e5 32.
Rd8+ Kh7 33. Nd3 Rc2 34. Nb4 Rxe2 35. h3 Nf6 36. Ra8 Re4 37. a3 Nd7 38. Be3
{Black forfeits on time}
1-0